 Dungeon Crawl Stone Soup version 0.30-a0-622-gddc90eaa04 (webtiles) character file.

Game seed: 15968518111269748413

2682 tilp the Ducker (level 10, -6/81 HPs)
             Began as a Meteoran Fighter on Jan 10, 2023.
             Was a Priest of Okawaru.
             Mangled by a two-headed ogre
             ... wielding a +2 dire flail of protection
              (11 damage)
             ... on level 9 of the Dungeon.
             The game lasted 00:14:23 (2532 turns).

tilp the Ducker (Meteoran Fighter)                  Turns: 2532, Time: 00:14:24

Health: -6/81      AC: 11    Str: 18    XL:     10   Next: 16%
Magic:  14/15      EV: 16    Int: 11    God:    Okawaru [***...]
Gold:   301        SH:  8    Dex: 17    Spells: 9/9 levels left

rFire   . . .      SeeInvis .    b - +2 scimitar
rCold   + . .      Faith    .    c - +1 buckler
rNeg    . . .      Spirit   .    s - +0 scale mail
rPois   .          Reflect  .    (no helmet)
rElec   .          Harm     .    w - +1 cloak
rCorr   .          Rampage  .    (no gloves)
Will    ++...                    (no boots)
Stlth   +                        (no amulet)
HPRegen 0.33/turn                r - ring of protection from cold
MPRegen 0.14/turn                B - ring of willpower

@: about to teleport, heroic, glowing
A: sense surroundings 2, otherworldly, glowing, explore regen
a: Renounce Religion, Heroism


You were on level 9 of the Dungeon.
You worshipped Okawaru.
Okawaru was most pleased with you.
You visited 1 branch of the dungeon, and saw 9 of its levels.
You also visited: Ossuary.

You collected 301 gold pieces.

Inventory:

Hand Weapons
 a - a +1 vampiric long sword
 b - a +2 scimitar (weapon)
 h - a +2 whip of freezing
 p - a +0 dagger of venom
 v - the +3 rapier "Cigg" {heavy, rElec rPois rC+ Str-2}
   (You found it on level 6 of the Dungeon)

   Str:       It affects your strength (-2).
   rC:        It protects you from cold.
   rElec:     It insulates you from electricity.
   rPois:     It protects you from poison.
 y - a +2 falchion of holy wrath
 z - the +8 dagger of the Telling Gods {venom, Str+7 Stlth+}
   (You found it on level 4 of the Dungeon)

   Str:       It affects your strength (+7).
   Stlth:     It makes you more stealthy.
Missiles
 k - 8 poisoned darts (quivered)
 q - 3 silver boomerangs
 x - 6 boomerangs
Armour
 c - a +1 buckler (worn)
 s - a +0 scale mail (worn)
 w - a +1 cloak (worn)
Jewellery
 o - a ring of protection from cold
 r - a ring of protection from cold (left hand)
 B - a ring of willpower (right hand)
Wands
 g - a wand of charming (13)
 t - a wand of flame (39)
 u - a wand of roots (6)
Scrolls
 l - a scroll of teleportation
 m - a scroll of blinking
 D - 2 scrolls of magic mapping
Potions
 d - a potion of might
 e - a potion of brilliance {unknown}
 f - 3 potions of magic
 i - 2 potions of mutation
 j - 3 potions of lignification
 n - 8 potions of curing
 A - a potion of attraction {unknown}
 C - a potion of heal wounds {unknown}


   Skills:
 + Level 5.4(10.4) Fighting
 * Level 7.0(12.0) Long Blades
 - Level 4.0(9.0) Throwing
 + Level 5.6(10.6) Armour
 * Level 7.0(12.0) Dodging
 + Level 3.4(8.4) Stealth
 - Level 4.0(9.0) Shields
 - Level 6.0 Invocations
 - Level 4.0 Evocations


You had 9 spell levels left.
You didn't know any spells.
Your spell library was empty.

Dungeon Overview and Level Annotations

Branches:
Dungeon (9/15) Zot: 3093   Temple (0/1) D:6         Ossuary (visited)
   Lair: D:8-11         Orc: D:9-12

Altars:
Elyvilon
Hepliaklqana
Makhleb
Okawaru
Qazlal
Trog
Xom


Innate Abilities, Weirdness & Mutations

You passively map the area around you.
You are easily found by Zot.
You glow in the dark.
You regain HP and MP as you explore.


Message History

The grasping roots constrict the two-headed ogre.
The two-headed ogre barely misses you.
The two-headed ogre hits you with a +0 giant club!
* * * LOW HITPOINT WARNING * * *
Unknown command.
Unknown command.
Unknown command.
The grasping roots constrict the two-headed ogre.
The two-headed ogre struggles to escape constriction.
The grasping roots constrict the two-headed ogre!
The two-headed ogre struggles to escape constriction.
The grasping roots constrict the two-headed ogre, but do no damage.
The roots release their grip on the two-headed ogre.
You gain the combat prowess of a mighty hero.
A troll comes into view.
Aiming: Fastroot
Press: ? - help, Shift-Dir - straight line, f - troll, p - two-headed ogre
Aim: a troll The roots erupt in riotous growth!
Roots grab the troll.
The grasping roots constrict the troll!
You hear a loud, deep croak!
You hear a shout!
The troll struggles to escape constriction.
Unknown command.
Unknown command.
The grasping roots constrict the troll!
The troll struggles to escape constriction.
The two-headed ogre hits you with a +2 dire flail of protection!
* * * LOW HITPOINT WARNING * * *
The two-headed ogre closely misses you.
The grasping roots constrict the troll.
The roots release their grip on the troll.
A two-headed ogre comes into view. It is wielding two +0 giant clubs.
As you read the scroll of teleportation, it crumbles to dust.
You feel strangely unstable.
The two-headed ogre attacks as you move away!
The two-headed ogre hits you with a +2 dire flail of protection!
* * * LOW HITPOINT WARNING * * *
The two-headed ogre hits you with a +0 giant club!
You die...

* *.. , , ,#....# , ...
, * , #....# ,, , * ....
,* #....#, , .....
,####.<(.####* * *
*......###.......$....,,
......O.............., ,
*
........T..#+#####...,,
..........O# , .. + , *
.....####.@# , , . , , ,
..... #..+,,,, , ** ....
,#..# , , ..# *, #..# ,
, * ,, * *.. , ,#..# , ,
,, *, , #..# ,,, * #..#,
, , , #..# , > ,, + , ,
,


You could see 2 two-headed ogres and a troll.

Vanquished Creatures
  Sigmund (D:5)
  A wyvern (D:7)
  A steam dragon (D:8)
  Edmund (D:4)
  A water moccasin (D:6)
  An ice beast (D:6)
  2 sky beasts
  2 centaurs
  An ogre (D:6)
  A phantom (D:6)
  2 elf zombies (Ossuary)
  A necrophage (D:4)
  3 bullfrogs
  A scorpion (D:6)
  9 wights
  A human zombie (Ossuary)
  A jelly (D:5)
  Crazy Yiuf (D:6)
  2 centaur zombies (Ossuary)
  2 orc priests (D:5)
  A hound (D:6)
  2 orc wizards (D:5)
  2 mummies (Ossuary)
  4 gnolls (D:6)
  5 adders
  2 ufetubi
  2 adder zombies (Ossuary)
  2 worms
  2 dart slugs
  16 orcs
  3 ball pythons
  5 endoplasms
  2 giant cockroaches
  2 goblins
  8 hobgoblins
  5 jackals
  3 kobolds
  3 quokkas
  7 bats
  3 frilled lizards
  4 hobgoblin zombies (Ossuary)
  2 jackal zombies (Ossuary)
  13 kobold zombies (Ossuary)
  11 orc zombies (Ossuary)
  A rat (D:3)
145 creatures vanquished.

Vanquished Creatures (others)
  A wizard (D:3)
  24 fungi (D:4)
25 creatures vanquished.

Grand Total: 170 creatures vanquished

Notes
Turn   | Place    | Note
-------+----------+-------------------------------------------
     0 | D:1      | tilp the Meteoran Fighter began the quest for the Orb.
     0 | D:1      | Reached XP level 1. HP: 19/19 MP: 2/2
    51 | D:1      | Reached XP level 2. HP: 26/26 MP: 3/3
    87 | D:1      | Reached skill level 1 in Dodging
   199 | D:1      | Reached XP level 3. HP: 31/31 MP: 4/4
   332 | D:2      | Reached XP level 4. HP: 22/38 MP: 5/5
   539 | D:3      | Found a bloodstained altar of Trog.
   542 | D:3      | Noticed a wizard
   547 | D:3      | Killed a wizard
   662 | D:3      | Reached skill level 1 in Stealth
   750 | D:4      | Reached XP level 5. HP: 43/46 MP: 6/6
   782 | D:4      | Found a hazy altar of Hepliaklqana.
   816 | D:5      | Entered Level 5 of the Dungeon
   839 | D:4      | Identified the +8 dagger of the Telling Gods {venom, Str+7
                  | Stlth+}
   922 | D:4      | Found a stormy altar of Qazlal.
   963 | D:4      | Reached skill level 1 in Throwing
  1110 | D:4      | Noticed Edmund
  1140 | D:4      | Killed Edmund
  1141 | D:4      | Reached XP level 6. HP: 19/52 MP: 7/7
  1212 | D:4      | Reached XP level 7. HP: 54/59 MP: 8/8
  1227 | D:4      | Found an iron altar of Okawaru.
  1269 | D:4      | Became a worshipper of Warmaster Okawaru
  1335 | D:5      | Noticed Sigmund
  1341 | D:5      | Killed Sigmund
  1342 | D:5      | Reached skill level 1 in Invocations
  1426 | D:6      | Noticed a water moccasin
  1440 | D:6      | Killed a water moccasin
  1440 | D:6      | Reached * piety under Okawaru
  1441 | D:6      | Reached XP level 8. HP: 26/66 MP: 10/10
  1443 | D:6      | Found a white marble altar of Elyvilon.
  1493 | D:6      | Reached skill level 5 in Long Blades
  1493 | D:6      | Reached skill level 5 in Dodging
  1503 | D:6      | Reached ** piety under Okawaru
  1600 | D:5      | Gained mutation: You passively map the area around you.
                  | [Meteoran growth]
  1600 | D:5      | Reached XP level 9. HP: 58/72 MP: 12/12
  1608 | D:5      | Found a shimmering altar of Xom.
  1713 | D:6      | Found a runed translucent door.
  1714 | D:6      | Noticed Crazy Yiuf
  1725 | D:6      | Killed Crazy Yiuf
  1761 | D:6      | Found a staircase to the Ecumenical Temple.
  1778 | D:6      | Identified the +3 rapier "Cigg" {heavy, rElec rPois rC+
                  | Str-2}
  1791 | D:6      | Identified the +1 ring mail "Guladuaf" {rF++ rCorr Str-4
                  | SInv}
  1879 | D:7      | Reached skill level 5 in Armour
  1905 | D:7      | Found a burning altar of Makhleb.
  1913 | D:7      | Reached skill level 5 in Fighting
  2007 | D:7      | Reached *** piety under Okawaru
  2008 | D:7      | Reached skill level 5 in Invocations
  2085 | D:8      | Found a sand-covered staircase.
  2153 | D:8      | Reached XP level 10. HP: 15/80 MP: 15/15
  2206 | Ossuary  | Entered an ossuary
  2510 | D:9      | Noticed a two-headed ogre
  2529 | D:9      | Noticed a two-headed ogre
  2532 | D:9      | Mangled by a two-headed ogre

Illustrated notes

Levels and vault maps discovered:
D:1:      minmay_arrival_jagged, layout_basic
D:2:      layout_loops_ring, shapermc_ecumenical_altar_flowoftime, basic_altar,
          minmay_diced_spiral
D:3:      layout_basic, trog_wizard, nemelex_diamond_rough_becter
D:4:      kennysheep_big_flooded_room, layout_loops_ring,
          mainiacjoe_overflow_catch_the_wave, grunt_qazlal_clouds, serial_shops,
          kennysheep_little_box, minmay_misc_feat_iff, amcnicky_mini_pool_small,
          uniq_edmund
D:5:      layout_cave_pools, mainiacjoe_overflow_surrounded_room,
          nicolae_uskayaw_murder_on_the_dancefloor, uniq_sigmund
D:6:      layout_rooms, elyvilon_altar_4, mainiacjoe_overflow_catwalk,
          marbit_many_paths, temple_pool_b, uniq_crazy_yiuf_cottage
D:7:      layout_loops_cross, bloody_makhleb
D:8:      layout_loops_ring, overflow_temple_1_default, kennysheep_mini_moat,
          nicolae_ossuary_entry_false_entrances, corner_web_ring,
          uniq_prince_ribbit1
D:9:      layout_irregular_city, mainiacjoe_overflow_six_doors_small,
          minmay_checkerbox

Skill      XL: |  1  2  3  4  5  6  7  8  9 10 |
---------------+-------------------------------+-----
Dodging        | 1 2 3 4 5 6 7 |  7.0
Armour         | 4 5 |  5.6
Shields        | 4 |  4.0
Stealth        | 1 2 3 |  3.4
Long Blades    | 3 4 5 6 7 |  7.0
Throwing       | 1 2 3 4 |  4.0
Fighting       | 4 5 |  5.4
Evocations     | 2 3 4 |  4.0
Invocations    | 2 3 5 6 |  6.0

Action                   |  1- 3 |  4- 6 |  7- 9 | 10-12 || total
-------------------------+-------+-------+-------+-------++-------
Melee: Long sword        |    61 |    92 |    28 |       ||   181
       Dagger            |       |    37 |   103 |       ||   140
       Scimitar          |       |       |    61 |   119 ||   180
Throw: Dart              |     3 |       |     5 |     1 ||     9
       Boomerang         |       |       |       |     1 ||     1
Invok: Heroism           |       |       |     1 |     1 ||     2
Evoke: Wand              |       |       |     2 |     4 ||     6
  Use: Scroll            |       |       |    13 |     1 ||    14
 Stab: Distracted        |       |       |     1 |       ||     1
Armor: Scale mail        |    63 |    93 |    71 |    52 ||   279
Dodge: Dodged            |    34 |    70 |    80 |    57 ||   241
Block: Buckler           |    29 |    25 |    53 |    45 ||   152

Table legend: (Time is in decaauts)
 A = Elapsed time spent in this place.
 B = Non-inter-level travel time spent in this place.
 C = Inter-level travel time spent in this place.
 D = Time resting spent in this place.
 E = Time spent auto-exploring this place.
 F = Levels seen in this place.
 G = Mean time per level.
                   A        B        C        D        E       F      G
               +--------+--------+--------+--------+--------+-----+--------+
         Total |   2586 |   2230 |    356 |      0 |      0 |  10 |  258.6 |
       Dungeon |   2306 |   1950 |    356 |      0 |      0 |   9 |  256.2 |
       Ossuary |    280 |    280 |      0 |      0 |      0 |   1 |  280.0 |
               +--------+--------+--------+--------+--------+-----+--------+

Top non-repeatable levels by time:
     D:4: 570 daAuts
     D:3: 324 daAuts
     D:6: 322 daAuts
     D:1: 302 daAuts
 Ossuary: 280 daAuts
     D:5: 214 daAuts
     D:7: 213 daAuts
     D:8: 199 daAuts
     D:2: 137 daAuts
     D:9: 22 daAuts
